 Dungeon Crawl Stone Soup version 0.28.0-53-g5a82cb258f (webtiles) character file.

Game seed: 3267401389485315314

2901 MisterFreud the Covert (level 9, -8/72 HPs)
             Began as a Gnoll Delver on July 23, 2022.
             Was an Elder of Ru.
             Shot with an arrow by a centaur (13 damage)
             ... on level 7 of the Dungeon.
             The game lasted 00:09:26 (7516 turns).

MisterFreud the Covert (Gnoll Delver)               Turns: 7516, Time: 00:09:27

Health: -8/72      AC: 12    Str: 11    XL:     9   Next: 78%
Magic:  15/15      EV: 12    Int: 14    God:    Ru [****..]
Gold:   340        SH:  0    Dex: 14    Spells: 16/16 levels left

rFire   . . .      SeeInvis .   l - +2 dagger (venom)
rCold   . . .      Faith    .   (no shield)
rNeg    . . .      Spirit   .   y - +4 ring mail "Kineneas" {rCorr}
rPois   .          Reflect  .   (no helmet)
rElec   .          Harm     .   (no cloak)
rCorr   +          Rampage  .   u - +0 pair of gloves
Will    .....                   j - +0 pair of boots
Stlth   ++++......              (no amulet)
HPRegen 0.22/turn               (no ring)
MPRegen 0.14/turn               (no ring)

@: lethally poisoned (-8 -> -10), hasted, very quick
A: fangs 1, inability to use devices, unskilled 1, strong nose, distributed
training
a: Renounce Religion, Draw Out Power, Power Leap


You were on level 7 of the Dungeon.
You worshipped Ru.
Ru was greatly pleased with you.
You visited 1 branch of the dungeon, and saw 7 of its levels.

You collected 340 gold pieces.

Inventory:

Hand Weapons
 a - a +0 short sword
 k - a +1 vorpal hand axe
 l - a +2 dagger of venom (weapon)
Missiles
 m - 4 boomerangs
 n - 3 datura-tipped darts (quivered)
 o - 5 javelins
 q - 14 poisoned darts
Armour
 b - a +0 leather armour
 j - a +0 pair of boots (worn)
 u - a +0 pair of gloves (worn)
 y - the +4 ring mail "Kineneas" (worn) {rCorr}
   (You found it on level 2 of the Dungeon)

   rCorr:     It protects you from acid and corrosion.
Wands
 g - a wand of digging (3)
Scrolls
 c - a scroll of fog
 d - 2 scrolls of magic mapping
 e - 2 scrolls of fear
 p - a scroll of identify
 x - a scroll of enchant armour
 A - a scroll of enchant weapon
Potions
 f - a potion of haste
 h - 2 potions of attraction
 i - a potion of heal wounds
 r - a potion of mutation
 s - 3 potions of cancellation
 v - a potion of might
 w - a potion of berserk rage
 z - a potion of lignification
 B - a potion of invisibility


   Skills:
 + Level 7.3 Fighting
 + Level 6.0 Short Blades
 + Level 4.1 Long Blades
 + Level 4.1 Axes
 + Level 4.1 Maces & Flails
 + Level 4.1 Polearms
 + Level 4.1 Staves
 + Level 4.1 Slings
 + Level 4.1 Bows
 + Level 4.1 Crossbows
 + Level 4.1 Throwing
 + Level 4.1 Armour
 + Level 6.0 Dodging
 + Level 9.7 Stealth
 + Level 4.1 Shields
 + Level 4.1 Unarmed Combat
 + Level 4.1 Spellcasting
 + Level 3.4 Conjurations
 + Level 3.4 Hexes
 + Level 3.4 Summonings
 + Level 3.4 Necromancy
 + Level 3.4 Translocations
 + Level 3.4 Transmutations
 + Level 3.4 Fire Magic
 + Level 3.4 Ice Magic
 + Level 3.4 Air Magic
 + Level 3.4 Earth Magic
 + Level 3.4 Poison Magic
 + Level 4.5 Invocations
   Level 0.0 Evocations


You had 16 spell levels left.
You didn't know any spells.
Your spell library contained the following spells:

 Spells                   Type           Power      Damage    Failure   Level
 Foxfire                  Conj/Fire      48%        2x1d6     11%         1
 Static Discharge         Conj/Air       12%        N/A       16%         2
 Conjure Flame            Conj/Fire      12%        6-21      32%         3
 Inner Flame              Hex/Fire       12%        N/A       32%         3
 Dispel Undead            Necr           12%        3d9       71%         4
 Flame Wave               Conj/Fire      12%        2d6       71%         4
 Sticky Flame             Conj/Fire      12%        2d4       71%         4


Dungeon Overview and Level Annotations

Branches:
Dungeon (7/15)
 Temple: D:4-7

Altars:
Elyvilon
Makhleb
Okawaru
Qazlal
Ru
Uskayaw
Vehumet
Beogh


Innate Abilities, Weirdness & Mutations

You have very sharp teeth.
You cannot study or use magical devices.
You are somewhat unskilled. (-1 Apt)
Your uncanny sense of smell can sniff out nearby items.
Your experience applies equally to all skills.


Message History

The centaur shoots an arrow.
The arrow hits you but does no damage.
Your Short Blades skill increases to level 6!
Your Dodging skill increases to level 6!
You hit the orc priest.
The orc priest is severely wounded.
You feel very sick.
The centaur is stunned by your conviction and fails to attack.
The orc priest hits you but does no damage.
You completely miss the orc priest.
The orc priest is severely wounded.
You feel sick.
The orc priest begins to pray, but is stunned by your conviction!
Unknown command.
You closely miss the orc priest.
The orc priest is severely wounded.
You feel sick.
The orc priest mumbles some strange prayers to Beogh against you.
Beogh smites you!
* * * LOW HITPOINT WARNING * * *
You feel yourself speed up.
You feel yourself speed up.
* * * LOW HITPOINT WARNING * * *
You feel sick.
You redirect the orc priest's attack!
The orc priest barely misses you.
You feel much better.
You feel sick.
The orc priest calls down the wrath of Beogh upon you.
Beogh smites you!
* * * LOW HITPOINT WARNING * * *
Unknown command.
You hit the orc priest.
The orc priest is poisoned.
You bite the orc priest, but do no damage.
The orc priest is almost dead.
You hit the orc priest.
You kill the orc priest!
You feel sick.
Unknown command.
You feel sick.
The centaur shoots an arrow.
The arrow hits you!
You die...

.................
.........!.......
.................
.................
.......∆.).......
..######c#######. .
#...#.).....##
#.#.#........# ∆
#.#.#@.......#
#.######.#.......[..(
.........##########.#
..#####..# # #..#
..######..#
...(......#
##.#####...#
...........#


You could see a centaur.

Vanquished Creatures
  2 centaur zombies (D:6)
  A kobold demonologist (D:6)
  A hornet (D:7)
  Grinder (D:3)
  An ice beast (D:6)
  3 orc warriors
  A necrophage (D:4)
  A kobold brigand (D:6)
  A bullfrog (D:4)
  3 scorpions
  A gnoll sergeant (D:6)
  6 killer bees (D:6)
  2 bullfrog zombies (D:6)
  2 jellies
  3 centaur skeletons
  2 hounds
  3 orc priests
  A bullfrog skeleton (D:4)
  3 iguanas
  3 orc wizards
  A hound skeleton (D:4)
  8 gnolls
  5 adders
  A shadow imp (D:6)
  A white imp (D:6)
  An adder skeleton (D:4)
  5 dart slugs
  A worm (D:2)
  15 orcs
  8 bats
  10 endoplasms
  2 giant cockroaches
  8 hobgoblins
  4 quokkas
  4 ball pythons
  3 frilled lizards
  4 goblins
  12 kobolds
  A rat (D:2)
135 creatures vanquished.

Vanquished Creatures (others)
  Edmund (D:5)
1 creature vanquished.

Grand Total: 136 creatures vanquished

Notes
Turn   | Place    | Note
-------+----------+-------------------------------------------
     0 | D:5      | Reached skill level 9 in Stealth
     0 | D:5      | MisterFreud the Gnoll Delver began the quest for the Orb.
     0 | D:5      | Reached XP level 1. HP: 23/23 MP: 1/1
   159 | D:5      | Noticed a hound
   169 | D:5      | Killed a hound
   170 | D:5      | Reached XP level 2. HP: 13/29 MP: 1/3
   170 | D:5      | Reached XP level 3. HP: 16/35 MP: 1/4
   348 | D:5      | Found a sacrificial altar of Ru.
   359 | D:5      | Became a worshipper of Ru the Awakened
   392 | D:5      | Found a stormy altar of Qazlal.
   415 | D:5      | Noticed an orc warrior
   438 | D:5      | Reached skill level 1 in Long Blades
   438 | D:5      | Reached skill level 1 in Axes
   438 | D:5      | Reached skill level 1 in Maces & Flails
   438 | D:5      | Reached skill level 1 in Polearms
   438 | D:5      | Reached skill level 1 in Staves
   438 | D:5      | Reached skill level 1 in Slings
   438 | D:5      | Reached skill level 1 in Bows
   438 | D:5      | Reached skill level 1 in Crossbows
   438 | D:5      | Reached skill level 1 in Throwing
   438 | D:5      | Reached skill level 1 in Armour
   438 | D:5      | Reached skill level 1 in Shields
   438 | D:5      | Reached skill level 1 in Unarmed Combat
   438 | D:5      | Reached skill level 1 in Spellcasting
   438 | D:5      | Reached skill level 1 in Invocations
   438 | D:5      | Reached skill level 1 in Evocations
   438 | D:5      | Reached XP level 4. HP: 30/41 MP: 5/5
   692 | D:5      | Reached skill level 1 in Conjurations
   692 | D:5      | Reached skill level 1 in Hexes
   692 | D:5      | Reached skill level 1 in Summonings
   692 | D:5      | Reached skill level 1 in Necromancy
   692 | D:5      | Reached skill level 1 in Translocations
   692 | D:5      | Reached skill level 1 in Transmutations
   692 | D:5      | Reached skill level 1 in Fire Magic
   692 | D:5      | Reached skill level 1 in Ice Magic
   692 | D:5      | Reached skill level 1 in Air Magic
   692 | D:5      | Reached skill level 1 in Earth Magic
   692 | D:5      | Reached skill level 1 in Poison Magic
   763 | D:5      | Reached XP level 5. HP: 37/47 MP: 5/7
   962 | D:4      | Reached XP level 6. HP: 41/53 MP: 8/8
   975 | D:4      | Reached skill level 5 in Short Blades
   975 | D:4      | Reached skill level 5 in Dodging
  1300 | D:3      | Noticed Grinder
  1306 | D:3      | Killed Grinder
  1307 | D:3      | Reached XP level 7. HP: 60/60 MP: 10/10
  1498 | D:2      | Gained mutation: You cannot study or use magical devices.
                  | [Ru sacrifice]
  1498 | D:2      | Reached * piety under Ru
  1498 | D:2      | Reached ** piety under Ru
  2119 | D:1      | Found a faded altar of an unknown god.
  2712 | D:2      | You fall into a shaft and drop 2 floors!
  3147 | D:2      | Identified the +4 ring mail "Kineneas" {rCorr}
  4242 | D:4      | Gained mutation: You are somewhat unskilled. (-1 Apt) [Ru
                  | sacrifice]
  4242 | D:4      | Reduced skill Conjurations to level 1
  4242 | D:4      | Reduced skill Hexes to level 1
  4242 | D:4      | Reduced skill Summonings to level 1
  4242 | D:4      | Reduced skill Necromancy to level 1
  4242 | D:4      | Reduced skill Translocations to level 1
  4242 | D:4      | Reduced skill Transmutations to level 1
  4242 | D:4      | Reduced skill Fire Magic to level 1
  4242 | D:4      | Reduced skill Ice Magic to level 1
  4242 | D:4      | Reduced skill Air Magic to level 1
  4242 | D:4      | Reduced skill Earth Magic to level 1
  4242 | D:4      | Reduced skill Poison Magic to level 1
  4242 | D:4      | Reached *** piety under Ru
  4242 | D:4      | Reached **** piety under Ru
  4321 | D:4      | Reached skill level 5 in Short Blades
  4321 | D:4      | Reached skill level 5 in Dodging
  4321 | D:4      | Reached XP level 8. HP: 54/65 MP: 11/11
  4468 | D:4      | Found a burning altar of Makhleb.
  4468 | D:4      | Found an iron altar of Okawaru.
  4468 | D:4      | Found a radiant altar of Vehumet.
  4901 | D:5      | Noticed Edmund
  4926 | D:5      | Killed Edmund
  5934 | D:6      | Reached XP level 9. HP: 12/71 MP: 12/14
  6275 | D:6      | Noticed a kobold demonologist
  6282 | D:6      | Killed a kobold demonologist
  6640 | D:6      | Found a hide-covered altar of Uskayaw.
  7367 | D:6      | Found a white marble altar of Elyvilon.
  7497 | D:7      | Noticed a hornet
  7503 | D:7      | Paralysed by a hornet for 1 turns
  7507 | D:7      | Killed a hornet
  7511 | D:7      | HP: 2/72 [poisoned by a hornet]
  7516 | D:7      | Shot with an arrow by a centaur

Illustrated notes

Levels and vault maps discovered:
D:1:      tarquinn_simple_flora_water_d, layout_basic,
          hellmonk_ecumenical_altar_defaced_shrine
D:2:      layout_loops_ring, minmay_split_cup_large
D:3:      layout_loops_ring, uniq_grinder
D:4:      layout_basic, gammafunk_temple_overflow_claw
D:5:      layout_layer_cave, nicolae_ru_sacrificial_ziggurat,
          nicolae_overflow_crystal_walls, uniq_edmund
D:6:      layout_basic, marbit_many_paths, amcnicky_altar_gilded
D:7:      layout_basic, old_standard_altar, temple_pool_b, corner_web_ring

Skill      XL: |  1  2  3  4  5  6  7  8  9 |
---------------+----------------------------+-----
Stealth        | |  9.7
Long Blades    | 1 2 3 4 |  4.1
Axes           | 1 2 3 4 |  4.1
Maces & Flails | 1 2 3 4 |  4.1
Polearms       | 1 2 3 4 |  4.1
Staves         | 1 2 3 4 |  4.1
Slings         | 1 2 3 4 |  4.1
Bows           | 1 2 3 4 |  4.1
Crossbows      | 1 2 3 4 |  4.1
Throwing       | 1 2 3 4 |  4.1
Armour         | 1 2 3 4 |  4.1
Shields        | 1 2 3 4 |  4.1
Unarmed Combat | 1 2 3 4 |  4.1
Spellcasting   | 1 2 3 4 |  4.1
Invocations    | 1 2 3 4 |  4.5
Evocations     | 1 2 0 |  0.0
Conjurations   | 1 2 3 |  3.4
Hexes          | 1 2 3 |  3.4
Summonings     | 1 2 3 |  3.4
Necromancy     | 1 2 3 |  3.4
Translocations | 1 2 3 |  3.4
Transmutations | 1 2 3 |  3.4
Fire Magic     | 1 2 3 |  3.4
Ice Magic      | 1 2 3 |  3.4
Air Magic      | 1 2 3 |  3.4
Earth Magic    | 1 2 3 |  3.4
Poison Magic   | 1 2 3 |  3.4
Short Blades   | 5 5 6 |  6.0
Dodging        | 5 5 6 |  6.0
Fighting       | 7 6 7 |  7.3

Action                   |  1- 3 |  4- 6 |  7- 9 || total
-------------------------+-------+-------+-------++-------
Melee: Short sword       |    23 |    31 |       ||    54
       Bite              |     1 |    15 |    58 ||    74
       Punch             |       |     2 |    12 ||    14
       Dagger            |       |    42 |   451 ||   493
Invok: Sacrifice Artific |       |       |     1 ||     1
       Sacrifice Skill   |       |       |     1 ||     1
  Use: Scroll            |       |       |    16 ||    16
       Potion            |       |       |     5 ||     5
 Stab: Sleeping          |       |     6 |    30 ||    36
       Distracted        |       |     1 |     1 ||     2
       Invisible         |       |       |     3 ||     3
Armor: Leather armour    |     2 |    20 |    10 ||    32
       Ring mail         |       |       |   146 ||   146
Dodge: Dodged            |    10 |    43 |   242 ||   295
